 Dungeon Crawl Stone Soup version 0.25.1-9-gc5326a611f (webtiles) character file.

Game seed: 6155475565736141616

24998 teolandon225 the Protected (level 12, 0/110 HPs)
             Began as a Minotaur Fighter on Dec 28, 2020.
             Was a High Priest of Makhleb.
             Slain by a ghost moth (glowing shapeshifter) (1 damage)
             ... in a Gauntlet on Dec 29, 2020.
             The game lasted 00:58:38 (14712 turns).

teolandon225 the Protected (Minotaur Fighter)      Turns: 14712, Time: 00:58:38

Health: 0/110      AC: 19    Str: 32 (33) XL:     12   Next: 85%
Magic:  0/3        EV: 27    Int:  5      God:    Makhleb [*****.]
Gold:   487        SH: 12    Dex:  8 (9)  Spells: 11/11 levels left

rFire    + + .     SeeInvis .   B - +5 demon whip "Spellbinder" {antimagic, MR+}
rCold    + . .     Gourm    .   c - +0 kite shield
rNeg     + . .     Faith    .   v - +2 chain mail {rF+}
rPois    +         Spirit   .   D - +1 hat of Hospitality {MR+}
rElec    +         Reflect  .   J - +1 cloak
rCorr    +         Harm     .   G - +1 pair of gloves
MR       ++...     NoTele   +   (no boots)
Stlth    ..........             p - amulet of the acrobat
HPRegen  0.28/turn              F - +6 ring of strength
MPRegen  0.08/turn              b - ring of positive energy

@: resistant, acrobat, very slightly contaminated, hasted, heavily drained, very
quick
A: retaliatory headbutt, horns 2
a: Minor Destruction, Lesser Servant of Makhleb, Major Destruction, Greater
Servant of Makhleb, Renounce Religion


You were in a Gauntlet.
You worshipped Makhleb.
Makhleb was extremely pleased with you.
You were not hungry.

You visited 2 branches of the dungeon, and saw 16 of its levels.
You also visited: Bailey and Gauntlet.

You collected 2058 gold pieces.
You spent 1571 gold pieces at shops.

Inventory:

Hand Weapons
 B - the +5 demon whip "Spellbinder" (weapon) {antimagic, MR+}
   (You acquired it on level 7 of the Dungeon)

   It reduces the magical energy of the wielder, and disrupts the spells and
   magical abilities of those hit.
   Natural abilities and divine invocations are not affected.
   It affects your resistance to hostile enchantments.
Missiles
 j - 363 stones (quivered)
Armour
 c - a +0 kite shield (worn)
 v - a +2 chain mail of fire resistance (worn)
 D - the +1 hat of Hospitality (worn) {MR+}
   (You found it in a Gauntlet)

   It affects your resistance to hostile enchantments.
 G - a +1 pair of gloves (worn)
 I - a +1 cloak of stealth
 J - a +1 cloak (worn)
Jewellery
 b - a ring of positive energy (right hand)
 p - an amulet of the acrobat (around neck)
 r - an uncursed ring of protection from cold
 F - a +6 ring of strength (left hand)
Wands
 g - a wand of enslavement (8)
 o - a wand of clouds (13)
 y - a wand of disintegration (12)
 K - a wand of random effects (15)
 L - a wand of flame (13)
Scrolls
 a - 4 scrolls of identify
 d - 3 scrolls of teleportation
 h - 4 scrolls of magic mapping
 i - 8 scrolls of remove curse
 k - 3 scrolls of enchant armour
 w - 4 scrolls of enchant weapon
 A - 2 scrolls of blinking
 C - 7 scrolls of fear
 E - a scroll of amnesia
 H - a scroll of fog
Potions
 e - a potion of stabbing
 l - 2 potions of lignification {unknown}
 m - 3 potions of flight
 n - 3 potions of mutation
 q - 2 potions of curing
 s - a potion of resistance
 t - 2 potions of magic
 u - 4 potions of haste
 x - 3 potions of berserk rage
 z - 2 potions of cancellation {unknown}
 M - a potion of might
Comestibles
 f - 28 rations


   Skills:
 + Level 11.6(10.0) Fighting
 - Level 12.0(10.3) Maces & Flails
 * Level 12.4(10.8) Armour
 * Level 11.1(9.5) Dodging
 + Level 11.7(10.1) Shields


You had 11 spell levels left.
You didn't know any spells.
Your spell library contained the following spells:

 Spells                   Type           Power        Failure   Level  Hunger
 Foxfire                  Conj/Fire      #...         98%         1    ##.....
 Conjure Flame            Conj/Fire      #.......     100%        3    ####...
 Inner Flame              Hex/Fire       #.......     100%        3    ####...
 Sticky Flame             Conj/Fire      #.......     100%        4    #####..
 Fireball                 Conj/Fire      #.........   100%        5    ######.


Dungeon Overview and Level Annotations

Branches:
Dungeon (12/15)            Temple (0/1) D:7            Lair (4/6) D:9
 Shoals (0/4) Lair:3          Orc (0/2) D:10         Bailey (visited)
Gauntlet (1/1)
  Snake: Lair:2-4    Spider: Lair:2-4

Altars:
Ashenzari
Cheibriados
Dithmenos
Fedhas
Gozag
Kikubaaqudgha
Makhleb
Nemelex Xobeh
Qazlal
Trog
Vehumet
Wu Jian
Xom
Yredelemnul
Zin

Shops:
D:4 [   D:7 :*?

Annotations:
D:11 Sonja
Lair:3 1 runed translucent door, exclusion: oklob plant, Gadfly's ghost, journeyman TrAr
Lair:4 Josephine Gauntlet 4 transporters, exclusions: ice statue and obsidian statue


Innate Abilities, Weirdness & Mutations

You reflexively headbutt those who attack you in melee.
You have a pair of horns on your head.


Message History

Something hits you but does no damage. x2
Something stings you but does no damage.
You finish putting on the +1 hat of Hospitality {MR+}.
You feel you are being watched by something.
You feel your power leaking away. Something hits you but does no damage.
You block something's attack.
Something stings you but does no damage.
You see here a leather armour.
Okay, then.
Blink to where?
Press: ? - help, Dir - move target cursor You are very lightly contaminated with residual magic.
As you read the scroll of blinking, it crumbles to dust.
You recover from your berserk rage.
You feel you are being watched by something.
Something hits you!
* * * LOW HITPOINT WARNING * * *
You feel weakened. Something hits you.
You die...

##.P♣.#############...♣P
#≈....#©....©....©#.....
≈≈.###################.#
#≈.#..#©...#.###.....#.#
##.#..#.##.#.###.###.#.#
#≈.#..#.##.#.#.#^. .#.#
≈≈.#..#....#.#...©. #.#
#≈.#..''{###.#.##.^# .#
##.#..#@#†.#.#.###!# .#
#≈.#..#©#.§#.#8).©
≈≈.#########.#####
#≈................
##.P♣P.P♣P..♣P..♣.
#≈................
≈≈≈#≈≈≈#≈≈≈#≈≈≈#.. #≈
##≈###≈###≈###. ## ###
##


You could see an obsidian statue.

Vanquished Creatures
  2 hydras
  2 two-headed ogres
  2 unseen horrors (D:11)
  A wizard (Gauntlet)
  An ugly thing (D:11)
  A cyclops (D:11)
  2 black mambas (Lair:3)
  A salamander (shapeshifter) (Gauntlet)
  5 elephants
  A merfolk siren (Lair:3)
  A smoke demon (Gauntlet)
  3 spiny frogs
  A rime drake (Lair:2)
  3 komodo dragons
  A queen bee (D:10)
  2 trolls (D:11)
  6 polar bears (Lair:1)
  7 hippogriffs
  A wyvern (D:8)
  A shadow (D:11)
  A human (shapeshifter) (Gauntlet)
  A basilisk (Lair:2)
  9 yaks
  2 hungry ghosts
  A steam dragon (shapeshifter) (Gauntlet)
  6 water moccasins
  7 porcupines
  3 sky beasts
  3 ice beasts
  9 black bears
  A phantom (D:11)
  An eye of draining (D:11)
  3 orc warriors
  A necrophage (D:10)
  8 ogres
  11 wolves
  The ghost of Gadfly the Grave Robber, an amateur DrNe (D:4)
  4 centaurs
  9 crocodiles
  2 big kobolds (D:9)
  7 bullfrogs
  A wyvern zombie (D:10)
  2 wyvern skeletons (D:8)
  A scorpion (D:10)
  15 killer bees (D:10)
  7 wights
  2 electric eels (Lair:3)
  2 howler monkeys (D:11)
  11 crimson imps
  3 orc priests
  5 hounds
  4 jellies
  5 orc wizards
  4 bullfrog skeletons
  3 iguanas
  Natasha (twice) (D:2)
  8 worker ants
  A hound zombie (D:8)
  A howler monkey zombie (D:10)
  3 gnolls (D:9)
  3 worker ant zombies
  15 adders
  4 shadow imps
  An adder skeleton (D:4)
  An adder zombie (D:8)
  6 worms
  2 dart slugs
  3 leopard geckos
  27 orcs
  3 ball pythons
  10 bats
  2 bat zombies (D:6)
  11 giant cockroaches
  11 goblins
  5 hobgoblins
  12 jackals
  18 kobolds
  4 quokkas
  A frilled lizard (D:2)
  A jackal skeleton (D:4)
  A leopard gecko skeleton (D:5)
  A quokka skeleton (D:4)
  8 rats
  4 plants (Lair:3)
368 creatures vanquished.

Vanquished Creatures (collateral kills)
  A red devil (Gauntlet)
  A wyvern (Lair:3)
2 creatures vanquished.

Vanquished Creatures (others)
  An orc wizard (D:7)
  An adder skeleton (D:4)
  A fungus (Lair:1)
  5 plants
8 creatures vanquished.

Grand Total: 378 creatures vanquished

Notes
Turn   | Place    | Note
-------+----------+-------------------------------------------
     0 | D:1      | teolandon225 the Minotaur Fighter began the quest for the
                  | Orb.
     0 | D:1      | Reached XP level 1. HP: 19/19 MP: 0/0
   195 | D:1      | Reached XP level 2. HP: 27/27 MP: 1/1
   476 | D:1      | Reached XP level 3. HP: 33/33 MP: 2/2
   864 | D:2      | Reached skill level 1 in Dodging
   955 | D:2      | Noticed Natasha
   978 | D:2      | Killed Natasha
   978 | D:2      | Reached XP level 4. HP: 32/40 MP: 3/3
   983 | D:2      | Noticed Natasha
   993 | D:2      | Killed Natasha
  1756 | D:2      | Reached XP level 5. HP: 47/47 MP: 4/4
  2070 | D:3      | Found a burning altar of Makhleb.
  2078 | D:3      | Became a worshipper of Makhleb the Destroyer
  2146 | D:3      | Reached XP level 6. HP: 29/53 MP: 5/5
  2683 | D:3      | Found a basalt altar of Yredelemnul.
  2839 | D:4      | Found a snail-covered altar of Cheibriados.
  2857 | D:4      | Found a runed translucent gate.
  2857 | D:4      | Found a runed translucent gate.
  2857 | D:4      | Found a runed translucent gate.
  2857 | D:4      | Noticed Gadfly's ghost (amateur DrNe)
  2860 | D:4      | Noticed a sky beast
  2893 | D:4      | Reached * piety under Makhleb
  2931 | D:4      | Killed a sky beast
  2931 | D:4      | Reached skill level 5 in Fighting
  2931 | D:4      | Reached skill level 5 in Maces & Flails
  2931 | D:4      | Reached skill level 5 in Armour
  2931 | D:4      | Reached skill level 5 in Shields
  3395 | D:4      | Found a shimmering altar of Xom.
  3410 | D:4      | Reached XP level 7. HP: 56/61 MP: 6/6
  3466 | D:4      | Found a stormy altar of Qazlal.
  3879 | D:4      | Found Tocohioh's Antique Armour Shop.
  4102 | D:4      | Found a blossoming altar of Fedhas.
  4396 | D:4      | Killed Gadfly's ghost
  4571 | D:5      | Entered Level 5 of the Dungeon
  4716 | D:5      | Found an opulent altar of Gozag.
  4815 | D:5      | Reached XP level 8. HP: 64/70 MP: 7/7
  5520 | D:6      | Found a sparkling altar of Nemelex Xobeh.
  5549 | D:6      | Found a shattered altar of Ashenzari.
  5553 | D:6      | Reached ** piety under Makhleb
  5782 | D:6      | Found a shadowy altar of Dithmenos.
  5855 | D:6      | Found a bloodstained altar of Trog.
  6002 | D:6      | Found an ornate altar of the Wu Jian Council.
  6094 | D:6      | Found an ancient bone altar of Kikubaaqudgha.
  6261 | D:7      | Found Cuskoy's Assorted Antiques.
  6267 | D:7      | Bought a scroll labeled OLOIHINWYUDGH for 37 gold pieces
  6267 | D:7      | Bought 2 scrolls labeled DUMNANU EMUMA for 74 gold pieces
  6267 | D:7      | Bought a small beryl amulet for 185 gold pieces
  6267 | D:7      | Bought a brown potion for 33 gold pieces
  6284 | D:7      | Acquired 1190 gold pieces
  6310 | D:7      | Bought a potion of heal wounds for 185 gold pieces
  6399 | D:4      | Bought a runed chain mail for 165 gold pieces
  6505 | D:7      | Found Muyjugo's Magic Scroll Emporium.
  6509 | D:7      | Bought a scroll of enchant weapon for 112 gold pieces
  6509 | D:7      | Bought a scroll of acquirement for 780 gold pieces
  6510 | D:7      | Acquired the +5 demon whip "Spellbinder" {antimagic, MR+}
  6511 | D:7      | Found the +5 demon whip "Spellbinder" {antimagic, MR+}
  6753 | D:7      | Found Kysol's Book Shop.
  6761 | D:7      | Found a staircase to the Ecumenical Temple.
  6772 | D:7      | Found a glowing silver altar of Zin.
  6872 | D:7      | Reached skill level 5 in Dodging
  6872 | D:7      | Reached XP level 9. HP: 75/78 MP: 5/8
  6994 | D:8      | Noticed a two-headed ogre
  7007 | D:7      | Killed a two-headed ogre
  7593 | D:8      | Reached *** piety under Makhleb
  7746 | D:8      | Reached skill level 10 in Maces & Flails
  7816 | D:9      | Found a radiant altar of Vehumet.
  7822 | D:9      | Found a staircase to the Lair.
  7822 | D:9      | Noticed an elephant
  7831 | D:9      | Reached XP level 10. HP: 88/88 MP: 3/9
  7839 | D:9      | Killed an elephant
  8250 | D:9      | Found a flagged portal.
  8257 | Bailey   | Entered a bailey
  8257 | Bailey   | Noticed an orc knight
  8258 | Bailey   | Noticed an orc knight
  9148 | D:10     | Entered Level 10 of the Dungeon
  9262 | D:10     | Reached **** piety under Makhleb
  9445 | D:10     | Noticed a two-headed ogre
  9455 | D:10     | Killed a two-headed ogre
  9581 | D:10     | Found a staircase to the Orcish Mines.
  9888 | D:11     | Noticed a six-headed hydra
  9900 | D:10     | Killed a six-headed hydra
  9900 | D:10     | Reached XP level 11. HP: 97/97 MP: 3/10
 10244 | D:11     | Reached ***** piety under Makhleb
 10280 | D:11     | Killed an unseen horror
 10327 | D:11     | Reached skill level 10 in Shields
 10383 | D:11     | Noticed a red ugly thing
 10392 | D:11     | Killed a red ugly thing
 10420 | D:11     | Killed an unseen horror
 10420 | D:11     | Reached skill level 10 in Fighting
 10420 | D:11     | Reached skill level 10 in Armour
 10839 | D:11     | Noticed Sonja
 11381 | Lair:1   | Entered Level 1 of the Lair of Beasts
 11648 | Lair:1   | Noticed an eight-headed hydra
 11660 | Lair:1   | Killed an eight-headed hydra
 11927 | Lair:1   | Reached XP level 12. HP: 108/108 MP: 3/11
 13208 | Lair:3   | Reached skill level 10 in Dodging
 13752 | Lair:3   | Found a runed translucent door.
 13757 | Lair:3   | Noticed Gadfly's ghost (journeyman TrAr)
 14180 | Lair:3   | Found a staircase to the Shoals.
 14492 | Lair:4   | Found a gate leading to a gauntlet.
 14499 | Lair:4   | Noticed Josephine
 14503 | Gauntlet | Entered a Gauntlet
 14503 | Gauntlet | Found a transporter.
 14512 | Gauntlet | Found a transporter.
 14513 | Gauntlet | Found a transporter.
 14557 | Gauntlet | Found a transporter.
 14575 | Gauntlet | Found a transporter.
 14575 | Gauntlet | Found a transporter.
 14575 | Gauntlet | Found a transporter.
 14594 | Gauntlet | Found a runed translucent gate.
 14597 | Gauntlet | Found a runed translucent gate.
 14602 | Gauntlet | Found a runed translucent gate.
 14610 | Gauntlet | Noticed a quicksilver dragon
 14610 | Gauntlet | Noticed an alligator snapping turtle
 14610 | Gauntlet | a quicksilver dragon changed into an alligator snapping
                  | turtle
 14617 | Gauntlet | Noticed a shadow dragon
 14617 | Gauntlet | an alligator snapping turtle changed into a shadow dragon
 14619 | Gauntlet | Noticed a titan
 14619 | Gauntlet | a shadow dragon changed into a titan
 14620 | Gauntlet | Noticed a juggernaut
 14620 | Gauntlet | a titan changed into a juggernaut
 14622 | Gauntlet | Found a transporter.
 14626 | Gauntlet | Noticed a shard shrike
 14626 | Gauntlet | a juggernaut changed into a shard shrike
 14633 | Gauntlet | Noticed a titan
 14633 | Gauntlet | a shard shrike changed into a titan
 14642 | Gauntlet | Noticed a juggernaut
 14642 | Gauntlet | a titan changed into a juggernaut
 14648 | Gauntlet | Noticed a titan
 14648 | Gauntlet | a juggernaut changed into a titan
 14649 | Gauntlet | Noticed a juggernaut
 14649 | Gauntlet | a titan changed into a juggernaut
 14657 | Gauntlet | Noticed a caustic shrike
 14657 | Gauntlet | a juggernaut changed into a caustic shrike
 14667 | Gauntlet | Noticed a shadow dragon
 14667 | Gauntlet | a caustic shrike changed into a shadow dragon
 14678 | Gauntlet | Noticed an iron dragon
 14678 | Gauntlet | a shadow dragon changed into an iron dragon
 14679 | Gauntlet | Noticed a shadow dragon
 14679 | Gauntlet | an iron dragon changed into a shadow dragon
 14687 | Gauntlet | HP: 5/110 [shadow dragon (glowing shapeshifter) (2)]
 14689 | Gauntlet | Noticed a fire giant
 14689 | Gauntlet | a shadow dragon changed into a fire giant
 14697 | Gauntlet | Found a transporter.
 14697 | Gauntlet | Noticed a catoblepas
 14702 | Gauntlet | a catoblepas changed into something unseen
 14705 | Gauntlet | Got a heavily runed hat
 14710 | Gauntlet | Identified the +1 hat of Hospitality {MR+} (You found it in
                  | a Gauntlet)
 14712 | Gauntlet | HP: 1/110 [something (10)]
 14712 | Gauntlet | Slain by a ghost moth (glowing shapeshifter)

Illustrated notes

Levels and vault maps discovered:
D:1:      sevenhm_arrival_forest_fort_small_5, layout_basic, minmay_tromino_v4_b
D:2:      layout_basic, minmay_misc_feat_iff, uniq_natasha
D:3:      layout_basic, makhleb_grotto_becter, old_standard_altar,
          chequers_jeans
D:4:      layout_basic, old_standard_altar, grunt_qazlal_clouds,
          cheibriados_altar_1, gammafunk_ghost_necromancy, serial_shops, shop,
          first_ration, led_xom_imps
D:5:      layout_loops_ring, overflow_temple_1_default
D:6:      layout_basic, marbit_many_paths, nicolae_dithmenos_shadow_blocks,
          nicolae_overflow_crystal_walls, lemuel_zombie_altar_kikubaaqudgha,
          cheibrodos_ashenzari_chains, serial_rivers,
          chequers_serial_rivers_large_a, chequers_serial_rivers_micro_c,
          chequers_serial_rivers_room_b, chequers_serial_rivers_micro_e,
          chequers_serial_rivers_micro_b, trog_ov_bears_minmay
D:7:      minmay_inner_zag, layout_rooms, lemuel_round_altar,
          minmay_temple_entry_junction, serial_shops, shop,
          kennysheep_little_box, shop
D:8:      layout_basic
D:9:      layout_basic, lemuel_round_altar, david_lair_generic, enter_bailey_3,
          hive_lemuel
D:10:     layout_basic, orc_0_dummy, david_nohive_1, grunt_tough_drop
D:11:     layout_basic, grunt_ministairs_15, uniq_sonja
D:12:     layout_grid_maze
Lair:1:   beast_lair_carwin_large_4, layout_regular_city,
          grunt_forest_large_clearing_hut
Lair:2:   layout_misc_corridors, grunt_megastairs_2, lemuel_fruit_tree
Lair:3:   layout_loops_ring, elwin_shoals_entry_rooms,
          ebering_ghost_inner_flame, infiniplex_staircase_pool,
          minmay_lair_oklob_chamber
Lair:4:   layout_loops_ring, guppyfry_snake_entry_island,
          gauntlet_entry_generic, uniq_josephine
Gauntlet: minmay_gauntlet_77_tree [minmay_gauntlet_arena_77_double_cross,
          minmay_gauntlet_arena_77_mirror, minmay_gauntlet_arena_77_checkered,
          minmay_gauntlet_arena_77_radiant_squares,
          minmay_gauntlet_arena_77_hold_the_fort,
          minmay_gauntlet_arena_77_p_blocks,
          minmay_gauntlet_arena_77_run_for_it, gauntlet_exit_spiral]

Skill      XL: |  1  2  3  4  5  6  7  8  9 10 11 12 |
---------------+-------------------------------------+-----
Maces & Flails | 3 4 5 6 8 10 11 12 | 12.0
Armour         | 4 5 6 7 9 10 12 | 12.4
Fighting       | 4 5 6 7 9 10 11 | 11.6
Shields        | 4 5 6 8 9 10 11 | 11.7
Dodging        | 1 2 3 5 6 7 9 11 | 11.1

Action                   |  1- 3 |  4- 6 |  7- 9 | 10-12 || total
-------------------------+-------+-------+-------+-------++-------
Melee: Flail             |    92 |   200 |   213 |       ||   505
       Headbutt          |    19 |    37 |    60 |   162 ||   278
       Demon whip        |       |       |   137 |   725 ||   862
Invok: Lesser Servant of |       |       |       |     2 ||     2
       Major Destruction |       |       |       |     1 ||     1
Evoke: Wand              |       |       |       |     1 ||     1
  Use: Scroll            |     4 |     1 |    10 |    11 ||    26
       Potion            |       |       |     2 |    12 ||    14
  Eat: Chunk             |       |     3 |     7 |     9 ||    19
       Ration            |       |     2 |     2 |     4 ||     8
Armor: Scale mail        |    47 |    88 |    88 |       ||   223
       Chain mail        |       |       |    28 |   174 ||   202
Dodge: Dodged            |    29 |    50 |   110 |   256 ||   445
Block: Kite shield       |    55 |    73 |   161 |   345 ||   634
